 Dungeon Crawl Stone Soup version 0.27-a0-423-gf312af23e9 (webtiles) character file.

Game seed: 11971937314717708404

568 jasper the Poker (level 7, -4/50 HPs)
             Began as a Demonspawn Warper on Feb 27, 2021.
             Was a Follower of Fedhas.
             Slain by Duvessa
             ... wielding a +1 short sword of holy wrath
              (7 damage)
             ... on level 5 of the Dungeon.
             The game lasted 00:07:58 (6135 turns).

jasper the Poker (Demonspawn Warper)                Turns: 6135, Time: 00:07:58

Health: -4/50      AC:  8    Str: 11    XL:     7   Next: 11%
Magic:  1/10       EV: 12    Int: 14    God:    Fedhas [*.....]
Gold:   212        SH:  0    Dex: 15    Spells: 8/10 levels left

rFire    . . .     SeeInvis .   a - +0 spear
rCold    + . .     Faith    .   (no shield)
rNeg     . . .     Spirit   .   l - +2 ring mail {rC+}
rPois    .         Reflect  .   (no helmet)
rElec    .         Harm     .   (no cloak)
rCorr    .         Rampage  .   (no gloves)
Will     .....                  j - +0 pair of boots
Stlth    +.........             (no amulet)
HPRegen  0.16/turn              (no ring)
MPRegen  0.12/turn              (no ring)

@: no status effects
A: hooves 1, spiny 1, sturdy frame 2
a: Renounce Religion


You were on level 5 of the Dungeon.
You worshipped Fedhas.
Fedhas was aware of your devotion.
You visited 1 branch of the dungeon, and saw 5 of its levels.

You collected 212 gold pieces.

Inventory:

Hand Weapons
 a - a +0 spear (weapon)
Missiles
 o - 38 bolts
Armour
 b - a +0 leather armour
 g - a +0 ring mail
 h - a +0 scale mail
 i - a scarf of harm
 j - a +0 pair of boots (worn)
 l - a +2 ring mail of cold resistance (worn)
 t - a +0 chain mail
Scrolls
 c - 4 scrolls of fog
 d - a scroll of blinking
 e - a scroll of teleportation {unknown}
 f - 3 scrolls of amnesia {unknown}
 m - a scroll of random uselessness {unknown}
 n - 3 scrolls of enchant armour {unknown}
 u - a scroll of enchant weapon {unknown}
Potions
 p - 2 potions of magic
 r - a potion of attraction
 s - 2 potions of brilliance
 v - 2 potions of flight
 w - a potion of mutation
 x - a potion of resistance {unknown}


   Skills:
 - Level 2.0 Fighting
 + Level 7.2 Polearms
 - Level 0.8 Throwing
 - Level 0.8 Armour
 - Level 1.7 Dodging
 - Level 2.0 Spellcasting
 - Level 2.6 Translocations


You had 8 spell levels left.
You knew the following spells:

 Your Spells              Type           Power        Failure   Level
a - Blink                 Tloc           N/A          14%         2

Your spell library contained the following spells:

 Spells                   Type           Power        Failure   Level
 Gell's Gravitas          Tloc           4%           26%         3
 Lesser Beckoning         Tloc           4%           26%         3
 Teleport Other           Tloc           8%           26%         3
 Manifold Assault         Tloc           8%           65%         4


Dungeon Overview and Level Annotations

Branches:
Dungeon (5/15)
 Temple: D:4-7

Altars:
Elyvilon
Fedhas
Gozag
Okawaru
Qazlal
Yredelemnul

Annotations:
D:3 1 runed translucent door, Crazy Yiuf
D:5 Duvessa, Prince Ribbit


Innate Abilities, Weirdness & Mutations

You have large cloven feet.
You are partially covered in sharp spines.
Your movements are less encumbered by armour. (ER -4)


Message History

Throw: javelin
Press: ? - help, Q - select action, (/) - cycle Shift-Dir - straight line, f/p - Duvessa
Aim: Duvessa, wielding a +1 short sword of holy wrath and wearing a +0 leather armour (heavily wounded, 63% to hit)
You throw a javelin. The javelin closely misses Duvessa.
Duvessa closely misses you.
You barely miss Duvessa.
Duvessa is heavily wounded.
Duvessa is struck by your spines.
Duvessa hits you with a +1 short sword of holy wrath.
You convulse.
You take 5 damage, and have 18/50 hp.
You hit Duvessa.
Duvessa is severely wounded.
Duvessa hits you but does no damage.
You hit Duvessa but do no damage.
Duvessa is severely wounded.
You hit Duvessa.
Duvessa is severely wounded.
Duvessa is struck by your spines.
Duvessa hits you with a +1 short sword of holy wrath.
* * * LOW HITPOINT WARNING * * *
You convulse.
* * * LOW HITPOINT WARNING * * *
You take 11 damage, and have 7/50 hp.
MASSIVE DAMAGE!!
You hit Duvessa but do no damage.
Duvessa is severely wounded.
Duvessa completely misses you.
You hit Duvessa but do no damage.
Duvessa is severely wounded.
Duvessa hits you with a +1 short sword of holy wrath.
* * * LOW HITPOINT WARNING * * *
You convulse.
* * * LOW HITPOINT WARNING * * *
You take 4 damage, and have 3/50 hp.
Casting: Blink (safe; 14% risk of failure)
Confirm with . or Enter, or press ? or * to list all spells.
You blink.
Duvessa hits you with a +1 short sword of holy wrath!
You die...
Fedhas appreciates your contribution to the ecosystem.

..# #.##.##.## ...
#.##.##.# #.####
#.......#
#.##)##########.####
#.#.#.#..§....#.#
#.e###..#####.#.#
###.#.#.#####.#.#
##.##.##(e§...#
#.##.##@##.###
#.......##.#
####.......#
#########


You could see Duvessa.

Vanquished Creatures
  Edmund (D:5)
  An ogre (D:4)
  Dowan (D:5)
  2 hounds (D:4)
  An iguana (D:5)
  Jessica (D:3)
  Terence (D:3)
  2 worker ants (D:4)
  A river rat (D:3)
  3 adders
  An ufetubus (D:3)
  4 oozes
  An adder skeleton (D:4)
  4 worms
  2 dart slugs (D:2)
  3 leopard geckos
  3 orcs
  3 bats (D:1)
  8 giant cockroaches
  3 hobgoblins
  3 jackals (D:4)
  A quokka (D:5)
  A ball python (D:3)
  7 frilled lizards
  3 goblins
  2 kobolds
  A leopard gecko skeleton (D:5)
  5 rats
69 creatures vanquished.

Notes
Turn   | Place    | Note
-------+----------+-------------------------------------------
     0 | D:1      | jasper the Demonspawn Warper began the quest for the Orb.
     0 | D:1      | Reached XP level 1. HP: 16/16 MP: 3/3
   132 | D:1      | Reached skill level 2 in Polearms
   478 | D:1      | Gained mutation: Your movements are slightly less
                  | encumbered by armour. (ER -2) [demonic ancestry]
   478 | D:1      | Reached XP level 2. HP: 12/22 MP: 5/5
  1089 | D:2      | Reached skill level 3 in Polearms
  1158 | D:2      | Gained mutation: Your movements are less encumbered by
                  | armour. (ER -4) [demonic ancestry]
  1158 | D:2      | Reached XP level 3. HP: 26/27 MP: 6/6
  1211 | D:2      | Found a blossoming altar of Fedhas.
  1223 | D:2      | Noticed an oklob plant
  1802 | D:3      | Noticed Terence
  1879 | D:2      | Became a worshipper of Fedhas Madash
  1963 | D:3      | Noticed Jessica
  1964 | D:3      | Killed Jessica
  1965 | D:3      | Reached skill level 4 in Polearms
  1965 | D:3      | Gained mutation: You have large cloven feet. [demonic
                  | ancestry]
  1965 | D:3      | Reached XP level 4. HP: 33/33 MP: 7/7
  2152 | D:3      | Killed Terence
  2288 | D:3      | Learned a level 2 spell: Blink
  2909 | D:3      | Reached XP level 5. HP: 16/38 MP: 8/8
  3185 | D:3      | Found a runed translucent door.
  3186 | D:3      | Noticed Crazy Yiuf
  3305 | D:3      | Reached * piety under Fedhas
  3306 | D:3      | Reached skill level 5 in Polearms
  3796 | D:4      | Noticed an ogre
  3838 | D:4      | Killed an ogre
  3839 | D:4      | Reached skill level 6 in Polearms
  3839 | D:4      | Reached XP level 6. HP: 8/44 MP: 9/9
  5004 | D:4      | Found a white marble altar of Elyvilon.
  5015 | D:4      | Found a basalt altar of Yredelemnul.
  5015 | D:4      | Found a stormy altar of Qazlal.
  5028 | D:4      | Found an iron altar of Okawaru.
  5039 | D:4      | Found an opulent altar of Gozag.
  5095 | D:5      | Entered Level 5 of the Dungeon
  5145 | D:5      | Noticed Prince Ribbit
  5485 | D:5      | Noticed Edmund
  5540 | D:5      | Killed Edmund
  5759 | D:5      | Reached skill level 7 in Polearms
  5759 | D:5      | Gained mutation: You are partially covered in sharp spines.
                  | [demonic ancestry]
  5759 | D:5      | Reached XP level 7. HP: 8/50 MP: 2/10
  6048 | D:5      | Noticed Dowan
  6062 | D:5      | Killed Dowan
  6084 | D:5      | Noticed Duvessa
  6135 | D:5      | Slain by Duvessa

Illustrated notes

Levels and vault maps discovered:
D:1:      roderic_octagonal_star, layout_basic, nrook_mini_vaults,
          amcnicky_mini_corridor_feature
D:2:      layout_loops_ring, hex_tiny, serial_bayou_pond_d, tgw_fedhas
D:3:      layout_basic, gup_sewer_entry_spiral, minmay_fountain_box,
          uniq_crazy_yiuf_cottage, uniq_jessica, uniq_terence
D:4:      layout_cave_pods, minmay_overflow_temple_star_hex
D:5:      layout_loops_cross, serial_park_tiny_2, uniq_edmund, uniq_duvessa,
          uniq_prince_ribbit1

Skill      XL: |  1  2  3  4  5  6 |
---------------+-------------------+-----
Polearms       | 2 3 4 6 7 |  7.2
Fighting       | |  2.0
Throwing       | |  0.8
Armour         | |  0.8
Dodging        | |  1.7
Spellcasting   | |  2.0
Translocations | |  2.6

Action                   |  1- 3 |  4- 6 |  7- 9 || total
-------------------------+-------+-------+-------++-------
Melee: Spear             |   123 |   321 |    26 ||   470
Throw: Javelin           |       |    16 |     3 ||    19
       Boomerang         |       |     5 |       ||     5
 Cast: Blink             |       |    10 |     7 ||    17
Evoke: Wand              |     4 |    13 |       ||    17
  Use: Scroll            |       |     8 |       ||     8
       Potion            |       |     1 |     2 ||     3
Armor: Leather armour    |     5 |       |       ||     5
       Scale mail        |    26 |    68 |       ||    94
       Skin              |       |    19 |       ||    19
       Ring mail         |       |     3 |     7 ||    10
Dodge: Dodged            |    48 |   120 |     8 ||   176

Table legend: (Time is in decaauts)
 A = Elapsed time spent in this place.
 B = Non-inter-level travel time spent in this place.
 C = Inter-level travel time spent in this place.
 D = Time resting spent in this place.
 E = Time spent auto-exploring this place.
 F = Levels seen in this place.
 G = Mean time per level.
                   A        B        C        D        E       F      G
               +--------+--------+--------+--------+--------+-----+--------+
         Total |   6130 |   5800 |    330 |   1256 |   3674 |   5 | 1226.0 |
       Dungeon |   6130 |   5800 |    330 |   1256 |   3674 |   5 | 1226.0 |
               +--------+--------+--------+--------+--------+-----+--------+

Top non-repeatable levels by time:
     D:3: 1805 daAuts
     D:4: 1631 daAuts
     D:2: 1160 daAuts
     D:5: 773 daAuts
     D:1: 759 daAuts
